 Dungeon Crawl Stone Soup version 0.24-a0-176-gc3651c4 (webtiles) character file.

Game seed: 16961688832696579024

151 emperorscorpion the Chopper (level 5, 0/72 HPs)
             Began as a Minotaur Berserker on Mar 12, 2019.
             Was a Believer of Trog.
             Succumbed to a scorpion's poison
             ... on level 4 of the Dungeon.
             The game lasted 00:02:18 (375 turns).

emperorscorpion the Chopper (Minotaur Berserker)     Turns: 375, Time: 00:02:18

Health: 0/72       AC: 22    Str: 22    XL:     5   Next: 10%
Magic:  4/4        EV:  2    Int:  4    God:    Trog [**....]
Gold:   63         SH:  0    Dex: 15    Spells: 4/4 levels left

rFire    . . .     SeeInvis .   a - +0 hand axe
rCold    . . .     Gourm    .   (no shield)
rNeg     + + +     Faith    .   (armour currently unavailable)
rPois    +         Spirit   .   (helmet currently unavailable)
rElec    .         Reflect  .   (cloak currently unavailable)
rCorr    .         Harm     .   (gloves currently unavailable)
MR       .....     NoTele   +   (boots currently unavailable)
Stlth    ++........             (no amulet)
HPRegen  0.22/turn              (no ring)
MPRegen  0.09/turn              (no ring)

@: agile, lethally poisoned (0 -> -9), tree-form, berserk cooldown
A: (retaliatory headbutt)
a: Berserk, Trog's Hand, Renounce Religion


You were on level 4 of the Dungeon.
You worshipped Trog.
Trog was pleased with you.
You were not hungry.
You were a tree.
You visited 1 branch of the dungeon, and saw 4 of its levels.

You collected 63 gold pieces.

Inventory:

Hand Weapons
 a - a +0 hand axe (weapon)
Missiles
 d - 33 poisoned needles
Armour
 b - a +0 animal skin
 i - a +0 scale mail (melded)
 m - a +0 pair of boots (melded)
Wands
 l - a wand of random effects (18)
Scrolls
 g - 2 scrolls of enchant armour {unknown}
 h - a scroll of magic mapping {unknown}
 k - a scroll of remove curse {unknown}
 n - a scroll of fog
 p - a scroll of teleportation {unknown}
Potions
 e - a potion of degeneration
Comestibles
 c - 4 rations
 f - 3 chunks of flesh


   Skills:
 + Level 5.0 Fighting
 + Level 5.3 Axes
 + Level 3.0 Armour
 + Level 3.0 Dodging


You had 4 spell levels left.
You didn't know any spells.
Your spell library was empty.

Dungeon Overview and Level Annotations

Branches:
Dungeon (4/15)
 Temple: D:4-7

Altars:


Innate Abilities, Weirdness & Mutations

((You reflexively headbutt those who attack you in melee.))
((You have a pair of horns on your head.))


Message History

Your +0 scale mail melds into your body.
Your roots penetrate the ground.
* * * LOW HITPOINT WARNING * * *
You feel sick.
The scorpion stings you but does no damage.
It was a potion of agility.
You feel agile all of a sudden.
* * * LOW HITPOINT WARNING * * *
You feel sick. The scorpion stings you.
* * * LOW HITPOINT WARNING * * *
Unknown command.
Unknown command.
You barely miss the scorpion.
The scorpion is severely wounded.
* * * LOW HITPOINT WARNING * * *
You feel sick.
The scorpion stings you but does no damage.
You barely miss the scorpion.
The scorpion is severely wounded.
You die...

#......#...#
+......#...#
#......#...# .
#.....)#)..# ..
#.....)))..#
...#+##......##..#
#........########
#........#
+.....♣..#
#.....s..#
.............
..............+
..............#
..............#
####......#####
#......#


You could see a scorpion.

Vanquished Creatures
  An orc priest (D:4)
  A bullfrog skeleton (D:4)
  2 orc wizards (D:4)
  2 adders
  2 orcs (D:4)
  4 bats
  2 giant cockroaches
  A goblin (D:1)
  A hobgoblin (D:1)
  A jackal (D:1)
  3 frilled lizards
  3 rats
23 creatures vanquished.

Notes
Turn   | Place    | Note
-------+----------+-------------------------------------------
     0 | D:1      | emperorscorpion the Minotaur Berserker began the quest for
                  | the Orb.
     0 | D:1      | Reached XP level 1. HP: 19/19 MP: 0/0
   107 | D:1      | Reached XP level 2. HP: 14/27 MP: 1/1
   299 | D:3      | Reached XP level 3. HP: 32/33 MP: 2/2
   348 | D:4      | Reached XP level 4. HP: 41/41 MP: 3/3
   353 | D:4      | Reached ** piety under Trog
   353 | D:4      | Reached skill level 5 in Axes
   366 | D:4      | Reached skill level 5 in Fighting
   366 | D:4      | Reached XP level 5. HP: 24/48 MP: 4/4
   373 | D:4      | HP: 3/72 [poisoned by a scorpion]
   374 | D:4      | HP: 1/72 [poisoned by a scorpion]
   375 | D:4      | Succumbed to a scorpion's poison

Levels and vault maps discovered:
D:1:      matt_arrival_los_fun, layout_basic, serial_park_tiny_1, st_stairs_14,
          minmay_hedge_maze, dk_noncrumbling_2, grunt_decor_mini_mirrors
D:2:      layout_rooms, grunt_gozag_statues
D:3:      layout_basic, uniq_grinder, uniq_robin, uniq_sigmund
D:4:      layout_gridville, first_ration

Skill      XL: |  1  2  3  4 |
---------------+-------------+-----
Fighting       | 4 5 |  5.0
Axes           | 4 5 |  5.3
Armour         | 3 |  3.0
Dodging        | 3 |  3.0

Action                   |  1- 3 |  4- 6 || total
-------------------------+-------+-------++-------
Melee: Hand axe          |    31 |    16 ||    47
       Headbutt          |     2 |     4 ||     6
Invok: Berserk           |     2 |       ||     2
  Use: Scroll            |     2 |       ||     2
       Potion            |       |     2 ||     2
Armor: Animal skin       |     6 |       ||     6
       Scale mail        |     3 |     5 ||     8
       Skin              |       |     2 ||     2
Dodge: Dodged            |    22 |    10 ||    32

Table legend:
 A = Non-vault XP
 B = Vault XP
 C = Vault XP percentage of total XP
 D = Non-vault monster count
 E = Vault monster count
 F = Vault count percentage of total count
                 A         B        C        D         E       F
            +---------+---------+-------+---------+---------+-------
      Total |     213 |       3 |   1.4 |      21 |       2 |   8.7
            +---------+---------+-------+---------+---------+-------
        D:1 |      13 |       3 |  18.8 |       9 |       2 |  18.2
        D:2 |      18 |       0 |   0.0 |       4 |       0 |   0.0
        D:3 |      14 |       0 |   0.0 |       2 |       0 |   0.0
        D:4 |     168 |       0 |   0.0 |       6 |       0 |   0.0
            +---------+---------+-------+---------+---------+-------
